 Dungeon Crawl Stone Soup version 0.30-a0-591-g3c58d2bc28 (webtiles) character file.

Game seed: 9355128276654044945

1324 Dartaoz the Trooper (level 8, -11/63 HPs)
             Began as a Demonspawn Fighter on Jan 5, 2023.
             Mangled by a two-headed ogre
             ... wielding a +0 giant club
              (12 damage)
             ... in the Ecumenical Temple.
             The game lasted 00:13:48 (4555 turns).

Dartaoz the Trooper (Demonspawn Fighter)            Turns: 4555, Time: 00:13:48

Health: -11/63     AC: 18    Str: 23    XL:     8   Next: 33%
Magic:  8/8        EV:  7    Int:  9    God:
Gold:   439        SH:  5    Dex: 15    Spells: 7/7 levels left

rFire   . . .      SeeInvis .    a - +0 long sword
rCold   . . .      Faith    .    c - +0 buckler
rNeg    . . .      Spirit   .    p - +0 plate armour
rPois   .          Reflect  .    (no helmet)
rElec   .          Harm     .    (no cloak)
rCorr   .          Rampage  .    (no gloves)
Will    +....                    (no boots) Stlth
                                 (no amulet)
HPRegen 0.30/turn                e - +6 ring of strength
MPRegen 0.11/turn                v - ring of willpower

@: sanguine armoured
A: hooves 2, sanguine armour 1, demonic magic 2
a: no special abilities


You were in the Ecumenical Temple.
You visited 2 branches of the dungeon, and saw 7 of its levels.

You collected 439 gold pieces.

Inventory:

Hand Weapons
 a - a +0 long sword (weapon)
Armour
 b - a +0 scale mail
 c - a +0 buckler (worn)
 p - a +0 plate armour (worn)
 q - a +0 troll leather armour {Pargi}
 C - a +0 helmet of intelligence
Jewellery
 e - a +6 ring of strength (left hand)
 v - a ring of willpower (right hand)
Wands
 w - a wand of iceblast (4)
 y - a wand of digging (2)
Scrolls
 f - 7 scrolls of identify {unknown}
 g - 2 scrolls of enchant weapon {unknown}
 j - a scroll of acquirement {unknown}
 k - a scroll of vulnerability {unknown}
 l - 2 scrolls of enchant armour {unknown}
 m - 2 scrolls of fog {unknown}
 r - 2 scrolls of teleportation {unknown}
 x - a scroll of summoning {unknown}
 B - a scroll of silence {unknown}
Potions
 d - a potion of might
 h - a potion of resistance {unknown}
 i - 2 potions of heal wounds {unknown}
 n - a potion of magic {unknown}
 o - 3 potions of curing {unknown}
 s - 2 potions of haste {unknown}
 t - a potion of ambrosia {unknown}
 u - a potion of degeneration {unknown}
 z - a potion of experience {unknown}
 A - 2 potions of invisibility {unknown}


   Skills:
 + Level 5.4 Fighting
 + Level 4.4 Long Blades
 + Level 4.9 Armour
 + Level 3.8 Dodging
 + Level 4.9 Shields


You had 7 spell levels left.
You didn't know any spells.
Your spell library contained the following spells:

 Spells                   Type           Power      Damage    Failure   Level
 Freeze                   Ice            0%         1d3       100%        1
 Magic Dart               Conj           0%         1d3       100%        1
 Summon Small Mammal      Summ           0%         N/A       100%        1
 Call Imp                 Summ           0%         N/A       100%        2
 Call Canine Familiar     Summ           0%         N/A       100%        3
 Frozen Ramparts          Ice            0%         1d1       100%        3
 Hailstorm                Conj/Ice       0%         3d3       100%        3
 Mephitic Cloud           Conj/Pois/Air  0%         N/A       100%        3
 Summon Guardian Golem    Hex/Summ       0%         N/A       100%        3


Dungeon Overview and Level Annotations

Branches:
Dungeon (6/15)             Temple (1/1) D:6

Altars:
Cheibriados
Gozag
Qazlal
Sif Muna
Xom

Shops:
D:2 (


Innate Abilities, Weirdness & Mutations

You have hoof-like feet.
When seriously injured, your blood forms armour. (AC +6)
Spells you cast may paralyse nearby enemies.


Message History

The two-headed ogre is lightly wounded.
The two-headed ogre closely misses you. You block the two-headed ogre's attack.
You hit the two-headed ogre.
The two-headed ogre is lightly wounded.
You hit the two-headed ogre but do no damage.
You kick the two-headed ogre, but do no damage.
The two-headed ogre is lightly wounded.
The two-headed ogre hits you with a +0 giant club!
You block the two-headed ogre's attack.
You hit the two-headed ogre. You kick the two-headed ogre!
The two-headed ogre is moderately wounded.
The two-headed ogre hits you with a +0 giant club.
The two-headed ogre barely misses you.
You are too injured to fight recklessly!
You are too injured to fight recklessly!
You slash the two-headed ogre!
The two-headed ogre is heavily wounded.
You block the two-headed ogre's attack. The two-headed ogre closely misses you.
You hit the two-headed ogre but do no damage.
Your kick misses the two-headed ogre.
The two-headed ogre is heavily wounded.
The two-headed ogre barely misses you.
The two-headed ogre hits you but does no damage.
You barely miss the two-headed ogre. You kick the two-headed ogre.
The two-headed ogre is severely wounded.
You slash the two-headed ogre!
The two-headed ogre is severely wounded.
The two-headed ogre hits you with a +0 giant club.
The two-headed ogre barely misses you.
You hit the two-headed ogre. You kick the two-headed ogre!
The two-headed ogre is almost dead.
You block the two-headed ogre's attack.
The two-headed ogre hits you with a +0 giant club!
* * * LOW HITPOINT WARNING * * *
You hit the two-headed ogre.
The two-headed ogre is almost dead.
The two-headed ogre hits you with a +0 giant club!
* * * LOW HITPOINT WARNING * * *
The two-headed ogre hits you with a +0 giant club!
You die...

♣♣♣♣
♣.♣...♣♣
♣♣♣.....♣
......O@♣
♣♣♣.....♣
♣♣...♣♣
♣♣♣♣


You could see a two-headed ogre.

Vanquished Creatures
  A water moccasin (D:5)
  Pargi (D:3)
  A black bear (D:4)
  2 ogres (D:5)
  A necrophage (D:4)
  A bullfrog (D:5)
  7 scorpions
  A hound (D:4)
  2 jellies
  2 iguanas
  Jessica (D:3)
  7 adders
  A worm (D:2)
  2 dart slugs
  8 orcs
  5 endoplasms
  2 giant cockroaches
  8 goblins
  10 hobgoblins
  A jackal (D:1)
  10 kobolds
  2 quokkas
  6 ball pythons
  15 bats
  2 frilled lizards
  4 rats
103 creatures vanquished.

Vanquished Creatures (others)
  6 fungi (D:4)
  3 toadstools (D:4)
9 creatures vanquished.

Grand Total: 112 creatures vanquished

Notes
Turn   | Place    | Note
-------+----------+-------------------------------------------
     0 | D:1      | Dartaoz the Demonspawn Fighter began the quest for the Orb.
     0 | D:1      | Reached XP level 1. HP: 18/18 MP: 1/1
   228 | D:1      | Gained mutation: You have large cloven feet. [demonic
                  | ancestry]
   228 | D:1      | Reached XP level 2. HP: 24/24 MP: 2/2
   700 | D:1      | Reached XP level 3. HP: 29/29 MP: 3/3
  1008 | D:2      | Found Caek Cuo's Weapon Boutique.
  1038 | D:2      | Reached skill level 1 in Dodging
  1311 | D:2      | Gained mutation: Spells you cast may paralyse adjacent
                  | enemies. [demonic ancestry]
  1311 | D:2      | Reached XP level 4. HP: 35/35 MP: 4/4
  1739 | D:3      | Noticed Jessica
  1745 | D:3      | Killed Jessica
  1795 | D:3      | Found a snail-covered altar of Cheibriados.
  1796 | D:3      | Found a stormy altar of Qazlal.
  1869 | D:3      | Noticed Pargi
  1890 | D:3      | Killed Pargi
  1891 | D:3      | Gained mutation: Spells you cast may paralyse nearby
                  | enemies. [demonic ancestry]
  1891 | D:3      | Reached XP level 5. HP: 27/42 MP: 5/5
  1963 | D:3      | Reached skill level 4 in Fighting
  2121 | D:3      | Found a faded altar of an unknown god.
  2125 | D:3      | Found an opulent altar of Gozag.
  2296 | D:3      | Found a faded altar of an unknown god.
  2560 | D:4      | Found a shimmering blue altar of Sif Muna.
  2612 | D:4      | Gained mutation: When seriously injured, your blood forms
                  | armour. (AC +6) [demonic ancestry]
  2612 | D:4      | Reached XP level 6. HP: 29/48 MP: 6/6
  2979 | D:4      | Reached XP level 7. HP: 46/55 MP: 7/7
  3541 | D:5      | Entered Level 5 of the Dungeon
  3595 | D:5      | Reached skill level 5 in Fighting
  3830 | D:5      | Gained mutation: You have hoof-like feet. [demonic
                  | ancestry]
  3830 | D:5      | Reached XP level 8. HP: 47/62 MP: 8/8
  4188 | D:5      | Found a shimmering altar of Xom.
  4536 | D:6      | Found a staircase to the Ecumenical Temple.
  4539 | D:6      | Noticed a two-headed ogre
  4544 | Temple   | Entered the Ecumenical Temple
  4555 | Temple   | HP: 1/63 [two-headed ogre/+0 giant club (13)]
  4555 | Temple   | Mangled by a two-headed ogre

Illustrated notes

Levels and vault maps discovered:
D:1:      giann_wishing_wells, layout_basic, st_stairs_1
D:2:      layout_basic, serial_shops, nicolae_shop_bloodbath_and_beyond,
          grunt_ministairs_6, minmay_cupped
D:3:      layout_basic, jmf_multi_god_temple, nicolae_overflow_ecumenical_swirl,
          shapermc_ecumenical_altar_starsandcircs, uniq_jessica, uniq_pargi
D:4:      old_forge, layout_basic, nicolae_sif_muna_condensation,
          minmay_gold_behind_fungi
D:5:      layout_basic, lemuel_doored_altar
D:6:      layout_loops_corners, minmay_temple_entry_junction_2,
          kennysheep_decorative_pillar, minmay_checkerbox
Temple:   minmay_temple_forest_path

Skill      XL: |  1  2  3  4  5  6  7 |
---------------+----------------------+-----
Long Blades    | 2 3 4 |  4.4
Shields        | 3 4 |  4.9
Armour         | 3 4 |  4.9
Dodging        | 1 2 3 |  3.8
Fighting       | 4 5 |  5.4

Action                   |  1- 3 |  4- 6 |  7- 9 || total
-------------------------+-------+-------+-------++-------
Melee: Long sword        |   113 |   150 |   132 ||   395
       Kick              |    14 |    38 |    38 ||    90
Armor: Scale mail        |    62 |    18 |       ||    80
       Plate armour      |       |    74 |    76 ||   150
Dodge: Dodged            |    50 |    60 |    61 ||   171
Block: Buckler           |    33 |    48 |    35 ||   116

Table legend: (Time is in decaauts)
 A = Elapsed time spent in this place.
 B = Non-inter-level travel time spent in this place.
 C = Inter-level travel time spent in this place.
 D = Time resting spent in this place.
 E = Time spent auto-exploring this place.
 F = Levels seen in this place.
 G = Mean time per level.
                   A        B        C        D        E       F      G
               +--------+--------+--------+--------+--------+-----+--------+
         Total |   4666 |   4531 |    135 |      0 |   3611 |   7 |  666.6 |
       Dungeon |   4652 |   4517 |    135 |      0 |   3611 |   6 |  775.3 |
        Temple |     13 |     13 |      0 |      0 |      0 |   1 |   13.0 |
               +--------+--------+--------+--------+--------+-----+--------+

Top non-repeatable levels by time:
     D:4: 1179 daAuts
     D:5: 986 daAuts
     D:1: 931 daAuts
     D:2: 787 daAuts
     D:3: 740 daAuts
     D:6: 27 daAuts
  Temple: 13 daAuts
